 Dungeon Crawl Stone Soup version 0.29-a0-997-gf6f7e2dfe7 (webtiles) character file.

Game seed: 9777177228082651651

2543 kae the Nimble (level 9, -3/58 (61) HPs)
             Began as a Tengu Fire Elementalist on Aug 4, 2022.
             Was a Follower of Vehumet.
             Slain by a gnoll sergeant
             ... wielding a +0 trident
              (10 damage)
             ... on level 6 of the Dungeon.
             The game lasted 00:07:09 (8438 turns).

kae the Nimble (Tengu Fire Elementalist)            Turns: 8438, Time: 00:07:10

HP:   -3/58 (61)    AC:  2    Str:  8    XL:     9   Next: 55%
MP:   0/15          EV: 20    Int: 19    God:    Vehumet [*.....]
Gold: 1412          SH:  5    Dex: 16    Spells: 2/15 levels left

rFire   + . .      SeeInvis .   s - staff of fire {!a}
rCold   . . .      Faith    .   i - +0 buckler
rNeg    . . .      Spirit   +   a - +0 robe
rPois   .          Reflect  .   (helmet restricted)
rElec   .          Harm     .   (no cloak)
rCorr   .          Rampage  .   (no gloves)
Will    .....                   (boots unavailable)
Stlth   ++........              G - amulet of guardian spirit
HPRegen 0.19/turn               (no ring)
MPRegen 0.14/turn               (no ring)

@: flying quickly and evasively, lightly drained, quick
A: beak, talons 3, nimble flight
a: Renounce Religion


You were on level 6 of the Dungeon.
You worshipped Vehumet.
Vehumet was aware of your devotion.
You visited 2 branches of the dungeon, and saw 7 of its levels.
You also visited: Sewer.

You collected 1412 gold pieces.


Innate Abilities, Weirdness & Mutations

You have a beak for a mouth.
You have claws for feet.
Your magical nature lets you fly swiftly and evasively.


   Skills:
 + Level 9.4 Fighting
 - Level 9.8 Dodging
 - Level 2.0 Stealth
 + Level 3.0 Shields
 + Level 3.7 Spellcasting
 * Level 6.6 Conjurations
 * Level 6.5 Fire Magic


You had 2 spell levels left.
You knew the following spells:

 Your Spells              Type           Power      Damage    Failure   Level
a - Foxfire               Conj/Fire      100%       2x1d9     1%          1
b - Scorch                Fire           84%        2d9       1%          2
c - Conjure Flame         Conj/Fire      42%        6-21      3%          3
d - Inner Flame           Hex/Fire       23%        N/A       14%         3
e - Flame Wave            Conj/Fire      42%        2d11      12%         4

Your spell library contained the following spells:

 Spells                   Type           Power      Damage    Failure   Level
 Freeze                   Ice            12%        1d4       19%         1
 Slow                     Hex            12%        N/A       19%         1
 Dazzling Flash           Conj/Hex       32%        N/A       14%         3
 Fireball                 Conj/Fire      21%        3d10      34%         5
 Iskenderun's Battlesphe  Conj           28%        2d8       34%         5
 Confusing Touch          Hex            3%         N/A       50%         3
 Gell's Gravitas          Tloc           3%         N/A       50%         3
 Lesser Beckoning         Tloc           3%         N/A       50%         3
 Ozocubu's Armour         Ice            3%         N/A       50%         3
 Summon Guardian Golem    Hex/Summ       3%         N/A       50%         3
 Teleport Other           Tloc           3%         N/A       50%         3
 Vampiric Draining        Necr           3%         2d6       50%         3
 Agony                    Necr           3%         N/A       99%         5
 Silence                  Hex/Air        1%         N/A       99%         5
 Conjure Ball Lightning   Conj/Air       8%         3x3d6     100%        6
 Orb of Destruction       Conj           14%        9d7       100%        7
 Ozocubu's Refrigeration  Ice            1%         4d7       100%        7
 Spellforged Servitor     Conj/Summ      8%         N/A       100%        7

Inventory:

Hand Weapons
 w - a +3 whip
   (You took it off a gnoll on level 4 of the Dungeon)
 y - a +0 club
   (You took it off a gnoll on level 4 of the Dungeon)
Missiles
 d - 6 poisoned darts
 f - 35 stones
 g - 4 javelins
 h - 5 datura-tipped darts
 k - 2 throwing nets {=f!f}
 J - a curare-tipped dart {=f}
Armour
 a - a +0 robe (worn)
 i - a +0 buckler (worn)
   (You found it on level 1 of the Dungeon)
Magical Staves
 r - a staff of conjuration {!a}
   (You found it on level 2 of the Dungeon)
 s - a staff of fire (weapon) {!a}
   (You found it on level 2 of the Dungeon)
Jewellery
 c - a ring of ice
   (You found it on level 4 of the Dungeon)
 C - a ring of protection from cold
   (You found it on level 2 of the Dungeon)
 G - an amulet of guardian spirit (around neck)
   (You found it on level 1 of the Dungeon)
 Y - a +4 ring of slaying
   (You found it on level 5 of the Dungeon)
Wands
 v - a wand of flame (8)
   (You found it on level 4 of the Dungeon)
 z - a wand of acid (2)
   (You found it on level 5 of the Dungeon)
Scrolls
 o - 4 scrolls of teleportation {@r4}
 q - 3 scrolls of blinking {!r}
 t - 2 scrolls of immolation {!r!r}
 u - a scroll of acquirement
 D - a scroll of poison {!r}
 E - a scroll of amnesia {unknown}
 F - a scroll of identify {@r1}
Potions
 b - 2 potions of magic
 e - 6 potions of heal wounds {@q2}
 j - 5 potions of curing {@q1}
 l - a potion of ambrosia
 m - 3 potions of flight
 n - a potion of mutation {unknown}
 p - 2 potions of attraction {!q}
 x - 2 potions of invisibility {unknown}
 A - a potion of cancellation {unknown}
 B - 2 potions of might
 H - 2 potions of brilliance {unknown}
 I - a potion of degeneration {unknown}

Dungeon Overview and Level Annotations

Branches:
Dungeon (6/15) Zot: 25467  Temple (1/1) D:5 Zot: 5935   Sewer (visited)

Altars:
Ashenzari
Cheibriados
Dithmenos
Elyvilon
Fedhas
Gozag
Hepliaklqana
Kikubaaqudgha
Makhleb
Nemelex Xobeh
Okawaru
Ru
Trog
Uskayaw
Vehumet
Wu Jian
Xom
Zin
The Shining One

Shops:
D:1 :

Annotations:
D:6 Eustachio, Grinder

### ### #.#####<#
#.....#.# ##.#.#.#.#
########....@...#
#.......#.#.#.#.####.
#.#####.)....@g.......##
###.#.#.######..#
##..)....## #.ยง#
#.#####.#.#.#.#... ..S.
#..............####...
#.#####.#.#.#.#.....#
##.#####........#....###.#


You could see Eustachio (combustible) and a gnoll sergeant.


Message History

You feel a surge of power!
You conjure some foxfire!
The foxfire hits the gnoll sergeant.
The foxfire hits the gnoll sergeant but does no damage. x2 ๐Ÿ˜Ž MP[-1]
You lost 1 mp, and now have 13/15 mp.
Casting: Foxfire (safe; 1% risk of failure)
Confirm with . or Enter, or press ? or * to list all spells.
You feel a surge of power!
You conjure some foxfire!
The foxfire hits the gnoll sergeant.
The foxfire hits the gnoll sergeant but does no damage. ๐Ÿ˜Ž MP[-1]
You lost 1 mp, and now have 12/15 mp.
Casting: Foxfire (safe; 1% risk of failure)
Confirm with . or Enter, or press ? or * to list all spells.
You feel a surge of power!
Flames lash the gnoll sergeant.
The gnoll sergeant's fire resistance burns away.
The gnoll sergeant closely misses you.
The gnoll sergeant misses you. ๐Ÿ˜Ž MP[-1]
You lost 1 mp, and now have 11/15 mp.
Casting: Scorch (safe; 1% risk of failure)
Confirm with . or Enter, or press ? or * to list all spells.
You feel a surge of power!
You conjure some foxfire!
The gnoll sergeant hits you from afar with a +0 trident.
The foxfire hits the gnoll sergeant.
The gnoll sergeant is burned terribly!
The foxfire hits the gnoll sergeant.
The gnoll sergeant is burned terribly!
The gnoll sergeant misses you. ๐Ÿ˜• HP[-5] MP[-2]
You take 5 damage, and now have 53/58 hp.
You lost 2 mp, and now have 9/15 mp.
Casting: Foxfire (safe; 1% risk of failure)
Confirm with . or Enter, or press ? or * to list all spells.
You feel a surge of power!
Flames lash the gnoll sergeant.
You hear a shout!
The gnoll sergeant hits you from afar with a +0 trident.
You block the gnoll sergeant's attack. ๐Ÿ˜• HP[-6] MP[-2]
You take 6 damage, and now have 47/58 hp.
You lost 2 mp, and now have 7/15 mp.
Casting: Scorch (safe; 1% risk of failure)
Confirm with . or Enter, or press ? or * to list all spells.
You feel a surge of power!
You conjure some foxfire!
Eustachio shouts!
The gnoll sergeant hits you from afar with a +0 trident.
Eustachio mumbles some strange words.
Eustachio blinks!
The gnoll sergeant is no longer more vulnerable to fire.
The foxfire hits the gnoll sergeant but does no damage. x2
The gnoll sergeant misses you. ๐Ÿ˜ฎ HP[-4] MP[-1]
You take 4 damage, and now have 43/58 hp.
You lost 1 mp, and now have 6/15 mp.
There are monsters nearby!
Casting: Foxfire (safe; 1% risk of failure)
Confirm with . or Enter, or press ? or * to list all spells.
You feel a surge of power!
You conjure some foxfire!
The gnoll sergeant hits you from afar with a +0 trident!
The foxfire hits the gnoll sergeant.
The gnoll sergeant misses you.
The foxfire hits Eustachio but does no damage. ๐Ÿ˜ฎ HP[-6] MP[-2]
You take 6 damage, and now have 37/58 hp.
You lost 2 mp, and now have 4/15 mp.
Casting: Foxfire (safe; 1% risk of failure)
Confirm with . or Enter, or press ? or * to list all spells.
You feel a surge of power!
You conjure some foxfire!
You block the gnoll sergeant's attack.
The foxfire hits Eustachio. x2; Eustachio barely misses you.
The gnoll sergeant hits you from afar with a +0 trident!
* * * LOW HITPOINT WARNING * * *
You block Eustachio's attack. ๐Ÿ˜จ HP[-16] MP[-2]
You take 16 damage, and now have 21/58 hp.
MASSIVE DAMAGE!! (PAUSE)
You lost 2 mp, and now have 2/15 mp.
Casting: Foxfire (safe; 1% risk of failure)
Confirm with . or Enter, or press ? or * to list all spells.
You feel a surge of power!
Flames lash Eustachio.
Eustachio's fire resistance burns away.
The gnoll sergeant hits you from afar with a +0 trident.
* * * LOW HITPOINT WARNING * * *
Eustachio closely misses you. The gnoll sergeant misses you.
Eustachio gestures wildly while chanting. ๐Ÿ˜จ HP[-2] MP[-2]
You take 2 damage, and now have 19/58 hp.
You lost 2 mp, and now have 0/15 mp.
Unknown command.
You closely miss the bat. You block the bat's attack. x2
The gnoll sergeant hits you from afar with a +0 trident!
* * * LOW HITPOINT WARNING * * *
Eustachio hits you with a +4 rapier of speed.
* * * LOW HITPOINT WARNING * * *
Eustachio closely misses you.
The gnoll sergeant barely misses you. ๐Ÿ˜ฑ HP[-12]
You take 12 damage, and now have 7/58 hp.
MASSIVE DAMAGE!! (PAUSE)
You block the bat's attack. You block the bat's attack.
The gnoll sergeant hits you from afar with a +0 trident!
You die...

Skill      XL: |  1  2  3  4  5  6  7  8  9 |
---------------+----------------------------+-----
Conjurations   | 2 3 4 5 6 |  6.6
Fire Magic     | 4 5 6 |  6.5
Fighting       | 1 9 |  9.4
Shields        | 1 2 3 |  3.0
Spellcasting   | 3 |  3.7
Dodging        | 9 |  9.8
Stealth        | |  2.0

Action                   |  1- 3 |  4- 6 |  7- 9 || total
-------------------------+-------+-------+-------++-------
Melee: Unarmed           |    15 |    28 |       ||    43
       Kick              |     9 |    10 |     4 ||    23
       Peck              |     3 |     7 |     3 ||    13
       Staff             |       |       |    12 ||    12
 Cast: Foxfire           |    54 |   158 |    80 ||   292
       Scorch            |     8 |    11 |    52 ||    71
       Flame Wave        |       |       |     4 ||     4
       Inner Flame       |       |       |     1 ||     1
       Conjure Flame     |       |       |     1 ||     1
  Use: Scroll            |     2 |    13 |       ||    15
       Potion            |       |     2 |     1 ||     3
Armor: Robe              |     8 |     5 |     8 ||    21
Dodge: Dodged            |    19 |    31 |   102 ||   152
Block: Buckler           |     3 |     6 |    27 ||    36

Levels and vault maps discovered:
D:1:      psy_arrival_radial01, layout_loops_ring,
          nicolae_ecumenical_snake_handling, serial_shops, shop
D:2:      minmay_thinvault, layout_loops_cross, basic_altar
D:3:      layout_basic, overflow_temple_1_default,
          mainiacjoe_overflow_concentric_impassable, nicolae_gozag_seed_capital,
          zin_angel, chequers_garden, uniq_natasha
D:4:      layout_loops_ring, kennysheep_mini_moat, cheibrodos_sewer_entry_bend,
          grunt_tough_drop
D:5:      layout_gridville, nicolae_hepliaklqana_monster_ancestors,
          hangedman_ru_absence, minmay_temple_entry_hall, uniq_sigmund,
          uniq_prince_ribbit1
D:6:      layout_basic, mainiacjoe_overflow_boulevard, serial_park_tiny_pond,
          grunt_decor_one_mirror, minmay_misc_feat_diagonals, st_stairs_12,
          sword_in_stone, uniq_grinder
Temple:   hellmonk_temple_of_storms

Notes
Turn   | Place    | Note
-------+----------+-------------------------------------------
     0 | D:1      | kae the Tengu Fire Elementalist began the quest for the
                  | Orb.
     0 | D:1      | Reached XP level 1. HP: 10/10 MP: 4/4
     0 | D:1      | magus.rc [v1.11.3]
   347 | D:1      | Reached XP level 2. HP: 15/15 MP: 1/6
   403 | D:1      | Identified a +1 robe of the Archmagi
   406 | D:1      | Found Vuiggim's Book Boutique.
   428 | D:1      | Reached skill level 2 in Conjurations
   803 | D:1      | Found a faded altar of an unknown god.
   807 | D:1      | Reached XP level 3. HP: 20/20 MP: 5/7
  1088 | D:2      | Learned a level 2 spell: Scorch
  1119 | D:2      | Learned a level 3 spell: Conjure Flame
  1234 | D:2      | You pick up a book of Debilitation and begin reading...
  1234 | D:2      | You add the spells Slow, Vampiric Draining and Confusing
                  | Touch to your library.
  1295 | D:2      | Reached skill level 4 in Fire Magic
  1443 | D:2      | Reached skill level 1 in Fighting
  1562 | D:2      | Reached skill level 3 in Conjurations
  1562 | D:2      | Reached XP level 4. HP: 22/25 MP: 2/8
  1931 | D:2      | Found a hide-covered altar of Uskayaw.
  2042 | D:2      | Reached skill level 1 in Shields
  2097 | D:2      | You pick up a book of Dangerous Friends and begin
                  | reading...
  2097 | D:2      | You add the spells Summon Guardian Golem, Orb of
                  | Destruction and Spellforged Servitor to your library.
  2277 | D:2      | You add the spells Ozocubu's Armour and Ozocubu's
                  | Refrigeration to your library.
  2596 | D:2      | Identified a scroll of acquirement
  2722 | D:3      | Acquired 1001 gold pieces
  2737 | D:3      | Found an opulent altar of Gozag.
  2892 | D:3      | Found a sparkling altar of Nemelex Xobeh.
  3084 | D:3      | Gained mutation: Your magical nature lets you fly swiftly
                  | and evasively. [Tengu growth]
  3084 | D:3      | Reached XP level 5. HP: 29/29 MP: 5/9
  3198 | D:3      | Found a hide-covered altar of Uskayaw.
  3386 | D:3      | Noticed Natasha
  3391 | D:3      | Killed Natasha
  3423 | D:3      | Noticed Natasha
  3427 | D:3      | Killed Natasha
  3913 | D:3      | Noticed Natasha
  3920 | D:3      | Killed Natasha
  3921 | D:3      | Reached skill level 4 in Conjurations
  4038 | D:3      | Found a glowing silver altar of Zin.
  4038 | D:3      | Noticed an angel
  4171 | D:4      | You pick up a book of Displacement and begin reading...
  4171 | D:4      | You add the spells Lesser Beckoning, Gell's Gravitas and
                  | Teleport Other to your library.
  4315 | D:4      | Reached XP level 6. HP: 35/35 MP: 8/11
  4332 | D:4      | Reached skill level 5 in Fire Magic
  4691 | D:4      | You pick up a book of the Spheres and begin reading...
  4691 | D:4      | You add the spells Iskenderun's Battlesphere, Fireball and
                  | Conjure Ball Lightning to your library.
  4707 | D:4      | Found a shadowy altar of Dithmenos.
  4795 | D:4      | Found a glowing drain.
  4810 | Sewer    | Entered a sewer
  5080 | Sewer    | Reached skill level 2 in Fighting
  5340 | Sewer    | Reached skill level 2 in Shields
  5366 | Sewer    | Found a viscous altar of Jiyva.
  5485 | Sewer    | Reached skill level 3 in Spellcasting
  5567 | D:4      | Reached skill level 5 in Conjurations
  5693 | D:4      | Identified a potion of experience
  5696 | D:5      | Entered Level 5 of the Dungeon
  5697 | D:5      | Reached skill level 9 in Fighting
  5697 | D:5      | Reached skill level 9 in Dodging
  5697 | D:5      | Reached XP level 7. HP: 51/51 MP: 12/12
  5704 | D:5      | Noticed Sigmund
  5709 | D:5      | Killed Sigmund
  5710 | D:5      | Reached XP level 8. HP: 56/56 MP: 6/13
  5809 | D:4      | Learned a level 3 spell: Inner Flame
  5814 | D:4      | Learned a level 4 spell: Flame Wave
  5967 | D:5      | You pick up a book of the Senses and begin reading...
  5967 | D:5      | You add the spells Dazzling Flash, Agony and Silence to
                  | your library.
  6215 | D:5      | Found a hazy altar of Hepliaklqana.
  6259 | D:5      | Found a sacrificial altar of Ru.
  6488 | D:5      | Found a staircase to the Ecumenical Temple.
  6568 | D:5      | Noticed Prince Ribbit
  6575 | D:5      | Killed Prince Ribbit
  6790 | Temple   | Entered the Ecumenical Temple
  6841 | Temple   | Became a worshipper of Vehumet
  6886 | D:6      | Reached skill level 6 in Fire Magic
  6886 | D:6      | Reached XP level 9. HP: 60/60 MP: 9/15
  7013 | D:6      | Noticed Eustachio
  7161 | D:6      | Reached skill level 6 in Conjurations
  7713 | D:6      | Found an iron altar of Okawaru.
  7810 | D:6      | Reached * piety under Vehumet
  7810 | D:6      | Offered knowledge of Freeze by Vehumet.
  7912 | D:6      | Noticed a hornet
  7922 | D:6      | HP: 11/60 [poisoned by a hornet]
  7923 | D:6      | Killed a hornet
  7924 | D:6      | Reached skill level 3 in Shields
  7959 | D:6      | Noticed Grinder
  8435 | D:6      | HP: 12/58 [gnoll sergeant/+0 trident (7)]
  8438 | D:6      | Slain by a gnoll sergeant

Vanquished Creatures
  A hornet (D:6)
  Prince Ribbit (D:5)
  Sigmund (D:5)
  An orc warrior (D:6)
  An ice beast (D:5)
  A black bear (D:5)
  A sky beast (D:6)
  A centaur (D:6)
  A kobold brigand (D:6)
  A bullfrog (D:6)
  A necrophage (D:4)
  A gnoll sergeant (D:6)
  A scorpion (D:5)
  2 wights (D:6)
  4 jellies
  An orc priest (D:6)
  A gnoll bouda (D:4)
  2 hounds (D:6)
  2 iguanas
  Natasha (thrice) (D:3)
  9 adders
  11 gnolls
  A river rat (Sewer)
  2 ufetubi
  5 worms
  5 dart slugs
  13 orcs
  14 bats
  16 endoplasms
  10 giant cockroaches
  11 goblins
  7 hobgoblins
  11 kobolds
  3 quokkas
  10 ball pythons
  7 frilled lizards
  10 rats
  A spectral kobold (D:5)
174 creatures vanquished.

Vanquished Creatures (others)
  504 foxfires
504 creatures vanquished.

Grand Total: 678 creatures vanquished

Table legend:
 A = Non-vault XP
 B = Vault XP
 C = Vault XP percentage of total XP
 D = Non-vault monster count
 E = Vault monster count
 F = Vault count percentage of total count
                 A         B        C        D         E       F
            +---------+---------+-------+---------+---------+-------
      Total |    1834 |    1221 |  40.0 |     115 |      59 |  33.9
            +---------+---------+-------+---------+---------+-------
        D:1 |      40 |       1 |   2.4 |      19 |       1 |   5.0
        D:2 |      51 |      38 |  42.7 |      20 |      15 |  42.9
        D:3 |     139 |      36 |  20.6 |      25 |       1 |   3.8
        D:4 |     138 |      95 |  40.8 |      12 |       3 |  20.0
        D:5 |     503 |     480 |  48.8 |      17 |       4 |  19.0
        D:6 |     963 |     366 |  27.5 |      22 |       4 |  15.4
      Sewer |       0 |     205 | 100.0 |       0 |      31 | 100.0
            +---------+---------+-------+---------+---------+-------

Illustrated notes

Table legend:
 A = Kills in this place as a percentage of kills in entire the game.
 B = Kills by you in this place as a percentage of kills by you in the entire game.
 C = Kills by friends in this place as a percentage of kills by friends in the entire game.
 D = Other kills in this place as a percentage of other kills in the entire game.
 E = Experience gained in this place as a percentage of experience gained in the entire game.
 F = Experience gained in this place divided by the number of levels of this place that you have seen.
                   A       B       C       D       E      F
               +-------+-------+-------+-------+-------+----------------------
         Total | 100.0 | 100.0 |   N/A |   N/A | 100.0 | 381.9
       Dungeon |  82.2 |  82.2 |   N/A |   N/A |  93.3 | 475.0
         Sewer |  17.8 |  17.8 |   N/A |   N/A |   6.7 | 205.0
               +-------+-------+-------+-------+-------+----------------------

Table legend: (Time is in decaauts)
 A = Elapsed time spent in this place.
 B = Non-inter-level travel time spent in this place.
 C = Inter-level travel time spent in this place.
 D = Time resting spent in this place.
 E = Time spent auto-exploring this place.
 F = Levels seen in this place.
 G = Mean time per level.
                   A        B        C        D        E       F      G
               +--------+--------+--------+--------+--------+-----+--------+
         Total |   8210 |   8030 |    180 |    518 |   6107 |   8 | 1026.2 |
       Dungeon |   7410 |   7248 |    162 |    418 |   5645 |   6 | 1235.0 |
        Temple |     64 |     47 |     17 |      0 |     21 |   1 |   64.0 |
         Sewer |    735 |    735 |      0 |    100 |    440 |   1 |  735.0 |
               +--------+--------+--------+--------+--------+-----+--------+

Top non-repeatable levels by time:
     D:2: 1642 daAuts
     D:6: 1425 daAuts
     D:3: 1315 daAuts
     D:1: 1065 daAuts
     D:4: 1062 daAuts
     D:5: 899 daAuts
   Sewer: 735 daAuts
  Temple: 64 daAuts
